 Dungeon Crawl Stone Soup version 0.29-a0-284-gf9362112df (webtiles) character file.

Game seed: 7548433845074003093

247 horus123 the Bolt Thrower (level 6, 0/48 HPs)
             Began as a Human Hunter on Mar 22, 2022.
             Slain by an iguana (8 damage)
             ... on level 3 of the Dungeon.
             The game lasted 00:06:52 (2989 turns).

horus123 the Bolt Thrower (Human Hunter)            Turns: 2989, Time: 00:06:53

Health: 0/48       AC:  6    Str: 11    XL:     6   Next: 33%
Magic:  6/6        EV: 12    Int:  9    God:
Gold:   147        SH:  0    Dex: 19    Spells: 5/5 levels left

rFire   . . .      SeeInvis +   p - +2 spear (vamp)
rCold   . . .      Faith    .   (no shield)
rNeg    . . .      Spirit   .   b - +0 leather armour
rPois   .          Reflect  .   f - +2 helmet {SInv}
rElec   .          Harm     .   (no cloak)
rCorr   +          Rampage  .   (no gloves)
Will    .....                   (no boots)
Stlth   ++........              (no amulet)
HPRegen 0.16/turn               m - ring of resist corrosion
MPRegen 0.10/turn               (no ring)

@: lethally poisoned (0 -> -3)
A: no striking features
a: no special abilities


You were on level 3 of the Dungeon.
You visited 1 branch of the dungeon, and saw 3 of its levels.

You collected 147 gold pieces.

Inventory:

Hand Weapons
 a - a +1 hand crossbow
 p - a +2 vampiric spear (weapon)
Armour
 b - a +0 leather armour (worn)
 f - a +2 helmet of see invisible (worn)
Jewellery
 m - a ring of resist corrosion (left hand)
Scrolls
 c - 2 scrolls of immolation
 d - a scroll of identify
 e - 2 scrolls of fear
 h - a scroll of fog
 i - a scroll of blinking
 j - 3 scrolls of teleportation
Potions
 g - a potion of haste
 k - a potion of might
 l - a potion of flight
 n - a potion of ambrosia {unknown}
 o - 2 potions of brilliance {unknown}


   Skills:
 - Level 4.0 Fighting
 + Level 6.2 Crossbows
 - Level 2.0 Dodging
 - Level 1.0 Stealth


You had 5 spell levels left.
You didn't know any spells.
Your spell library contained the following spells:

 Spells                   Type           Power      Damage    Failure   Level
 Dazzling Flash           Conj/Hex       0%         N/A       85%         3
 Agony                    Necr           0%         N/A       100%        5
 Silence                  Hex/Air        0%         N/A       100%        5


Dungeon Overview and Level Annotations

Branches:
Dungeon (3/15)

Altars:
Cheibriados
Okawaru


Message History

The kobold throws a poisoned dart.
The poisoned dart hits you.
You are more poisoned.
You shoot a bolt. The bolt hits the kobold.
You kill the kobold!
You feel very sick.
You shoot a bolt.
The bolt hits the iguana but does no damage.
You feel very sick.
You are too injured to fight recklessly!
You are too injured to fight recklessly!
You are too injured to fight recklessly!
You are too injured to fight recklessly!
Shoot: a) +1 hand crossbow
Press: ? - help, Q - select action Shift-Dir - straight line, f/p - iguana
Aim: an iguana (71% to hit)
You shoot a bolt. The bolt hits the iguana.
The iguana is moderately wounded.
You feel very sick.
Shoot: a) +1 hand crossbow
Press: ? - help, Q - select action Shift-Dir - straight line, f/p - iguana
Aim: an iguana (moderately wounded, 71% to hit)
You shoot a bolt. The bolt hits the iguana.
The iguana is moderately wounded.
You feel very sick. The iguana misses you.
Shoot: a) +1 hand crossbow
Press: ? - help, Q - select action Shift-Dir - straight line, f/p - iguana
Aim: an iguana (moderately wounded, 71% to hit)
You shoot a bolt. The bolt hits the iguana.
The iguana is moderately wounded.
You feel sick. The iguana bites you.
* * * LOW HITPOINT WARNING * * *
Okay, then.
You feel a sense of dread.
p - a +2 vampiric spear (weapon)
You feel sick.
You hit the iguana but do no damage.
The iguana is moderately wounded.
You feel sick. The iguana bites you!
You die...

#..####.###.##.......
#..# #.# #.# #### .
#..# >.# #.# #..#
#.## #.# #..# #. #.#
#..# #. #.# #..# #.#
#..###.####.
#...@l..)...
#.########## #.# #.#
#.# #.# #. #.


You could see an iguana.

Vanquished Creatures
  A sky beast (D:3)
  Natasha (twice) (D:2)
  Robin (D:1)
  2 adders (D:3)
  7 bats
  3 endoplasms
  3 giant cockroaches
  9 hobgoblins
  5 jackals (D:1)
  5 kobolds
  3 quokkas
  6 ball pythons
  8 frilled lizards
  16 goblins
  4 rats (D:1)
75 creatures vanquished.

Vanquished Creatures (others)
  4 toadstools (D:1)
4 creatures vanquished.

Grand Total: 79 creatures vanquished

Notes
Turn   | Place    | Note
-------+----------+-------------------------------------------
     0 | D:1      | horus123 the Human Hunter began the quest for the Orb.
     0 | D:1      | Reached XP level 1. HP: 16/16 MP: 1/1
   305 | D:1      | Found a faded altar of an unknown god.
   436 | D:1      | Reached XP level 2. HP: 23/23 MP: 2/2
   658 | D:1      | Reached XP level 3. HP: 29/29 MP: 3/3
  1067 | D:2      | Noticed Robin
  1242 | D:1      | Reached XP level 4. HP: 5/37 MP: 4/4
  1788 | D:1      | Killed Robin
  2156 | D:2      | Noticed Natasha
  2159 | D:2      | Killed Natasha
  2216 | D:2      | Reached XP level 5. HP: 42/42 MP: 5/5
  2232 | D:2      | Found an iron altar of Okawaru.
  2425 | D:2      | Noticed Natasha
  2431 | D:2      | Killed Natasha
  2432 | D:2      | Reached skill level 5 in Crossbows
  2544 | D:3      | Found a snail-covered altar of Cheibriados.
  2697 | D:3      | Noticed a sky beast
  2719 | D:3      | Killed a sky beast
  2720 | D:3      | Reached skill level 6 in Crossbows
  2720 | D:3      | Reached XP level 6. HP: 24/48 MP: 6/6
  2989 | D:3      | Slain by an iguana

Illustrated notes

Levels and vault maps discovered:
D:1:      ldierk_water_garden, layout_loops_ring, ebering_ecumenical_altar_webs
D:2:      layout_basic, basic_altar, uniq_robin, uniq_natasha
D:3:      layout_loops_ring, general_overflow_altar

Skill      XL: |  1  2  3  4  5 |
---------------+----------------+-----
Fighting       | 3 4 |  4.0
Crossbows      | 6 |  6.2
Dodging        | |  2.0
Stealth        | |  1.0

Action                   |  1- 3 |  4- 6 || total
-------------------------+-------+-------++-------
Melee: Spear             |       |     1 ||     1
 Fire: Hand crossbow     |    96 |   100 ||   196
  Use: Scroll            |       |     8 ||     8
Armor: Leather armour    |    27 |    17 ||    44
Dodge: Dodged            |    60 |    43 ||   103

Table legend: (Time is in decaauts)
 A = Elapsed time spent in this place.
 B = Non-inter-level travel time spent in this place.
 C = Inter-level travel time spent in this place.
 D = Time resting spent in this place.
 E = Time spent auto-exploring this place.
 F = Levels seen in this place.
 G = Mean time per level.
                   A        B        C        D        E       F      G
               +--------+--------+--------+--------+--------+-----+--------+
         Total |   3071 |   3024 |     47 |   1311 |   1241 |   3 | 1023.7 |
       Dungeon |   3071 |   3024 |     47 |   1311 |   1241 |   3 | 1023.7 |
               +--------+--------+--------+--------+--------+-----+--------+

Top non-repeatable levels by time:
     D:1: 1955 daAuts
     D:2: 635 daAuts
     D:3: 480 daAuts
